 Dungeon Crawl Stone Soup version 0.26.1-11-gd32895ea62 (webtiles) character file.

Game seed: 14884348963346925146

2310 Zeld the Basher (level 9, -4/54 HPs)
             Began as an Octopode Warper on May 16, 2021.
             Was an Initiate of Makhleb.
             Slain by an unseen horror (9 damage)
             ... on level 7 of the Dungeon on May 17, 2021.
             The game lasted 00:15:45 (12941 turns).

Zeld the Basher (Octopode Warper)                  Turns: 12941, Time: 00:15:46

Health: -4/54      AC: -3    Str: 13    XL:     9   Next: 41%
Magic:  17/17      EV: 13    Int: 16    God:    Makhleb [......]
Gold:   37         SH:  0    Dex: 11    Spells: 4/19 levels left

rFire    . . .     SeeInvis .   o - +2 morningstar
rCold    . . .     Faith    .   (no shield)
rNeg     . . .     Spirit   .   (helmet restricted)
rPois    .         Reflect  .   (no amulet)
rElec    .         Harm     .   D - ring of flight
rCorr    .         Rampage  .   (no ring)
Will     .....                  (no ring)
Stlth    ++........             (no ring)
HPRegen  0.18/turn              (no ring)
MPRegen  0.15/turn              (no ring)
                                (no ring)
                                (no ring)

@: about to teleport, corroded
A: almost no armour, stealthy swim, amphibious, 8 rings, constrict 8, camouflage
1, gelatinous body 1
a: Renounce Religion, Evoke Flight


You were on level 7 of the Dungeon.
You worshipped Makhleb.
Makhleb was noncommittal.
You visited 1 branch of the dungeon, and saw 8 of its levels.

You collected 443 gold pieces.
You spent 406 gold pieces at shops.

Inventory:

Hand Weapons
 a - a +0 mace
 o - a +2 morningstar (weapon)
 p - a +0 mace
Missiles
 b - 5 boomerangs of dispersal
 f - 14 boomerangs (quivered)
Jewellery
 D - a ring of flight (left tentacle)
Wands
 s - a wand of iceblast (5)
 u - a wand of acid (3)
 y - a wand of paralysis (2)
 A - a wand of random effects (18)
Scrolls
 c - 4 scrolls of blinking
 g - 8 scrolls of remove curse
 i - 2 scrolls of magic mapping
 m - 4 scrolls of amnesia
 n - 4 scrolls of teleportation
 r - 2 scrolls of fear
 x - 3 scrolls of immolation {unknown}
 B - a scroll of holy word
Potions
 d - a potion of heal wounds {unknown}
 e - 5 potions of flight {unknown}
 h - 4 potions of curing {unknown}
 j - 2 potions of brilliance {unknown}
 k - a potion of might {unknown}
 l - a potion of berserk rage {unknown}
 q - a potion of cancellation {unknown}
 t - a potion of invisibility {unknown}
 v - a potion of resistance {unknown}
 z - 2 potions of attraction {unknown}
 C - a potion of haste {unknown}


   Skills:
 - Level 2.0 Fighting
 * Level 9.0 Maces & Flails
 - Level 1.0 Throwing
 - Level 2.3 Dodging
 + Level 5.9 Spellcasting
 + Level 6.8 Translocations


You had 4 spell levels left.
You knew the following spells:

 Your Spells              Type           Power        Failure   Level
a - Blink                 Tloc           N/A          1%          2
b - Gell's Gravitas       Tloc           13%          2%          3
c - Lesser Beckoning      Tloc           13%          2%          3
d - Teleport Other        Tloc           26%          2%          3
e - Passage of Golubria   Tloc           N/A          9%          4

Your spell library contained the following spells:

 Spells                   Type           Power        Failure   Level


Dungeon Overview and Level Annotations

Branches:
Dungeon (8/15)             Temple (0/1) D:7
   Lair: D:8-11

Altars:
Dithmenos
Hepliaklqana
Makhleb
Ru
Uskayaw
Vehumet
Yredelemnul
The Shining One

Shops:
D:4 =   D:6 ?*


Innate Abilities, Weirdness & Mutations

You cannot wear most types of armour.
You are very stealthy in the water. (Stealth+)
You are amphibious.
You can wear up to eight rings at the same time.
You can use your tentacles to constrict eight enemies at once.
Your skin changes colour to match your surroundings (Stealth+).
Your rubbery body absorbs attacks. (AC +1, EV +1)


Message History

Makhleb accepts your kill. Something hits you!
Deactivating autopickup; reactivate with Ctrl-A.
As you read the scroll of teleportation, it crumbles to dust.
You feel strangely unstable. Something hits you!
* * * LOW HITPOINT WARNING * * *
Something hits you!
* * * LOW HITPOINT WARNING * * *
You hear a distant slurping noise.
Your surroundings seem slightly different.
Blink to where?
Press: ? - help, Dir - move target
As you read the scroll of blinking, it crumbles to dust.
As you read the scroll of teleportation, it crumbles to dust.
You feel strangely unstable. Something hits you.
* * * LOW HITPOINT WARNING * * *
Something barely misses you. Something hits you!
You die...

......................# #....
).....................# #....
......................# #....
......................#######....
......................#.....#....
......................#.....#....
......................#.....#....
......................#.....#....
................@.....#.....####.
............................# #.
..#################.....##### #.
.## #.....### #. .#
#.......######+ .#
#.....#.##..... .#
#####.##.##.##..... .#
#..#.........#..... ..
#..................


There were no monsters in sight!

Vanquished Creatures
  Prince Ribbit (D:6)
  Menkaure (D:7)
  3 ice beasts
  2 sky beasts
  3 black bears (D:6)
  A necrophage (D:6)
  An ogre (D:4)
  A big kobold (D:7)
  A scorpion (D:8)
  A howler monkey (D:5)
  2 centaur zombies
  A jelly (D:7)
  An orc priest (D:4)
  4 hounds
  7 orc wizards
  A bullfrog skeleton (D:4)
  7 worker ants
  2 iguanas (D:4)
  A killer bee zombie (D:6)
  A hound zombie (D:7)
  A hound skeleton (D:6)
  6 adders
  4 gnolls (D:7)
  A shadow imp (D:8)
  A white imp (D:6)
  An ooze (D:1)
  3 adder zombies
  2 worms
  A dart slug (D:1)
  3 leopard geckos
  14 orcs
  9 bats
  4 giant cockroaches
  5 goblins
  7 hobgoblins
  13 kobolds
  6 quokkas
  3 ball pythons
  8 frilled lizards
  A quokka skeleton (D:2)
  A quokka zombie (D:7)
  8 rats
144 creatures vanquished.

Vanquished Creatures (others)
  An adder (D:5)
1 creature vanquished.

Grand Total: 145 creatures vanquished

Notes
Turn   | Place    | Note
-------+----------+-------------------------------------------
     0 | D:1      | Zeld the Octopode Warper began the quest for the Orb.
     0 | D:1      | Reached XP level 1. HP: 14/14 MP: 3/3
   125 | D:1      | Reached XP level 2. HP: 16/19 MP: 5/5
   128 | D:1      | Learned a level 2 spell: Blink
   698 | D:1      | Reached XP level 3. HP: 24/24 MP: 6/6
  1215 | D:2      | Reached skill level 3 in Maces & Flails
  1610 | D:2      | Found a faded altar of an unknown god.
  1712 | D:2      | Reached XP level 4. HP: 17/29 MP: 7/7
  1964 | D:2      | Learned a level 3 spell: Gell's Gravitas
  1968 | D:2      | Learned a level 3 spell: Lesser Beckoning
  2944 | D:3      | Found a glowing golden altar of the Shining One.
  2971 | D:4      | Reached XP level 5. HP: 28/34 MP: 9/9
  3053 | D:4      | Reached skill level 4 in Maces & Flails
  3391 | D:4      | Found a sacrificial altar of Ru.
  3438 | D:4      | Reached XP level 6. HP: 36/39 MP: 10/10
  4402 | D:4      | Reached skill level 5 in Maces & Flails
  5275 | D:4      | Found Paoto's Jewellery Shoppe.
  5322 | D:4      | Learned a level 3 spell: Teleport Other
  5759 | D:4      | Found a sacrificial altar of Ru.
  5826 | D:4      | Reached XP level 7. HP: 45/45 MP: 12/12
  6031 | D:4      | Found Paoto's Jewellery Shoppe.
  6312 | D:5      | Entered Level 5 of the Dungeon
  6470 | D:5      | Found a hide-covered altar of Uskayaw.
  6657 | D:5      | Found a radiant altar of Vehumet.
  7056 | D:5      | Reached skill level 6 in Maces & Flails
  7056 | D:5      | Reached skill level 5 in Translocations
  7164 | D:5      | Found a basalt altar of Yredelemnul.
  7395 | D:6      | Noticed Prince Ribbit
  7760 | D:6      | Reached XP level 8. HP: 48/50 MP: 14/14
  8064 | D:6      | Learned a level 4 spell: Passage of Golubria
  8189 | D:6      | Found a burning altar of Makhleb.
  8603 | D:6      | Became a worshipper of Makhleb the Destroyer
  8742 | D:6      | Found Osimneko's Magic Scroll Shop.
  8750 | D:6      | Bought a scroll of magic mapping for 49 gold pieces
  8750 | D:6      | Bought a scroll of teleportation for 42 gold pieces
  8750 | D:6      | Bought a scroll of holy word for 105 gold pieces
  8750 | D:6      | Bought a scroll of blinking for 105 gold pieces
  8750 | D:6      | Bought a scroll of blinking for 105 gold pieces
  8770 | D:6      | Reached skill level 7 in Maces & Flails
  9353 | D:6      | Killed Prince Ribbit
  9354 | D:6      | Reached skill level 5 in Spellcasting
  9529 | D:6      | Reached skill level 8 in Maces & Flails
  9651 | D:6      | Found a shadowy altar of Dithmenos.
  9651 | D:6      | Noticed a shadow
  9655 | D:6      | Found Xaunaodgh's Assorted Antiques.
  9811 | D:6      | Found a hazy altar of Hepliaklqana.
 10271 | D:7      | Noticed Menkaure
 10276 | D:7      | Killed Menkaure
 10277 | D:7      | Reached XP level 9. HP: 26/54 MP: 17/17
 12161 | D:7      | Found a staircase to the Ecumenical Temple.
 12631 | D:8      | Noticed a cyclops
 12670 | D:8      | Found the ring of the Octopus King
 12680 | D:7      | Reached skill level 9 in Maces & Flails
 12941 | D:7      | Slain by an unseen horror

Illustrated notes

Levels and vault maps discovered:
D:1:      dpeg_arrival_simpleton_a, layout_basic
D:2:      layout_loops_cross, chequers_ecumenical_altar_simple
D:3:      layout_loops_ring, tso_oasis_becter
D:4:      layout_basic, nicolae_ru_awakened_eye, serial_shops,
          nicolae_shop_trees
D:5:      layout_basic, overflow_temple_1_default, fiery_altar_vehumet,
          kennysheep_nub, grunt_decor_one_mirror, lemuel_statue_altar
D:6:      layout_layer_cave, riverfiend_overflow_shadow_ancestor,
          makhleb_blood_cavern_becter, serial_shops, nicolae_shop_statue_plus,
          shop_fountains, uniq_prince_ribbit1
D:7:      layout_basic, minmay_temple_entry_large_hall,
          minmay_misc_feat_columns, chequers_garden, uniq_menkaure
D:8:      layout_cave_pools, serial_shops, shop

Skill      XL: |  1  2  3  4  5  6  7  8  9 |
---------------+----------------------------+-----
Maces & Flails | 3 4 5 6 8 9 |  9.0
Spellcasting   | 3 4 5 |  5.9
Translocations | 4 5 6 |  6.8
Fighting       | |  2.0
Throwing       | |  1.0
Dodging        | |  2.3

Action                   |  1- 3 |  4- 6 |  7- 9 || total
-------------------------+-------+-------+-------++-------
Melee: Mace              |    71 |     9 |       ||    80
       Tentacles         |    11 |    19 |    30 ||    60
       Constrict         |    21 |    28 |    41 ||    90
       Morningstar       |       |    94 |   166 ||   260
 Cast: Teleport Other    |       |     2 |       ||     2
       Blink             |       |     2 |       ||     2
       Passage of Golubr |       |       |     4 ||     4
       Gell's Gravitas   |       |       |     9 ||     9
Evoke: Wand              |       |     3 |    13 ||    16
  Use: Scroll            |       |     6 |    11 ||    17
 Stab: Sleeping          |    11 |     8 |     4 ||    23
       Distracted        |       |     1 |       ||     1
Armor: Skin              |     6 |     5 |    12 ||    23
Dodge: Dodged            |    51 |    72 |   125 ||   248
